 Dungeon Crawl Stone Soup version 0.13.1-2-gfb2c2b7 (webtiles) character file.

330 Lilouch the Skirmisher (level 4, -5/35 HPs)
             Began as a Demonspawn Chaos Knight on Dec 9, 2013.
             Was a Plaything of Xom.
             Slain by Lilouch's ghost (7 damage)
             ... on Level 4 of the Dungeon.
             The game lasted 00:07:54 (2441 turns).

Lilouch the Skirmisher (Demonspawn Chaos Knight)    Turns: 2441, Time: 00:07:54

HP  -5/35        AC 13     Str 13      XL: 4   Next: 80%
MP   4/4         EV  5     Int 13      God: Xom
Gold 207         SH  0     Dex 13      Spells:  0 memorised,  3 levels left

Res.Fire  : . . .   See Invis. : .   a - +0 spear (chaos) {=f}
Res.Cold  : . . .   Warding    : .   p - +0 chain mail
Life Prot.: . . .   Conserve   : .   (no shield)
Res.Poison: +       Res.Corr.  : .   (no helmet)
Res.Elec. : .       Clarity    : .   m - +2 cloak {MR+}
Sust.Abil.: . .     Spirit.Shd : .   k - +0 pair of gauntlets
Res.Mut.  : .       Stasis     : .   (no boots)
Res.Rott. : .       Flight     : .   (no amulet)
Saprovore : . . .                    s - ring of wizardry
                                     v - ring of poison resistance

@: somewhat resistant to hostile enchantments, extremely unstealthy
A: talons 1, conserve scrolls
a: Renounce Religion


You were on level 4 of the Dungeon.
You worshipped Xom.
You were a toy of Xom.
You were not hungry.

You visited 1 branch of the dungeon, and saw 4 of its levels.

You collected 187 gold pieces.

Inventory:

Hand weapons
 a - a +0,+0 spear of chaos (weapon) {=f}
Missiles
 j - 5 javelins (quivered)
 u - 3 needles of confusion
 w - 15 poisoned needles
 B - 3 poisoned darts
Armour
 b - a +2 leather armour
 k - a +0 pair of gauntlets (worn)
 m - a +2 cloak of magic resistance (worn)
 p - a +0 chain mail (worn)
 r - a +0 cloak
Comestibles
 c - 3 bread rations
 h - a chunk of giant newt flesh
 D - a rotting chunk of quokka flesh
 E - a rotting chunk of bat flesh
Scrolls
 d - a scroll of teleportation {unknown}
 f - a scroll of blinking {unknown}
 i - 2 scrolls of remove curse {unknown}
 l - a scroll of recharging {unknown}
 n - a scroll of curse armour {unknown}
 o - a scroll of magic mapping {unknown}
 t - a scroll of identify {unknown}
 x - a scroll of noise
 y - a scroll of enchant weapon I {unknown}
Jewellery
 s - a ring of wizardry (right hand)
 v - a ring of poison resistance (left hand)
Potions
 e - a potion of beneficial mutation {unknown}
 g - 3 potions of curing {unknown}
 q - a potion of agility {unknown}
 z - a potion of brilliance {unknown}
 A - a potion of mutation {unknown}


   Skills:
 + Level 4.2 Fighting
 + Level 3.5 Polearms
 + Level 2.8 Armour
 - Level 0.8 Dodging


You had 3 spell levels left.
You didn't know any spells.

Dungeon Overview and Level Annotations

Branches:
Dungeon (4/27)
 Temple: D:4-7

Altars:
Fedhas

Annotations:
D:4 Lilouch's ghost, average DsCK


Innate Abilities, Weirdness & Mutations

You have sharp toenails.
You are very good at protecting items from fire.


Message History

You smell decay.
Yuck! (slot E)
You start resting.
A hippogriff comes into view.
Eat which item? (? for menu, Esc to quit)
Okay, then.
The hippogriff screeches!
There is a stone staircase leading down here.
You can't go up here!
You climb downwards.
Level annotation: Lilouch's ghost, average DsCK Lilouch's ghost hits you.
* * * LOW HITPOINT WARNING * * *
There is a stone staircase leading up here.
You are too injured to fight recklessly!
You are too injured to fight recklessly!
Lilouch's ghost hits you!
* * * LOW HITPOINT WARNING * * *
Lilouch's ghost hits you!
You die...
Xom is highly amused!

#
####.########
..........<..#
..........p..#
.........@..?#
............#
............#
............#
....(......#
..........#
.........#
........# ...w


You could see Lilouch's ghost.

Vanquished Creatures
  4 adders
  An inept feature mimic (D:2)
  2 giant geckos (D:2)
  An ooze (D:1)
  An orc (D:2)
  A ball python (D:3)
  4 giant cockroaches
  14 hobgoblins
  8 jackals
  9 kobolds
  A quokka (D:3)
  10 bats
  2 giant newts
  3 goblins
  A hobgoblin zombie (D:3)
  8 rats
70 creatures vanquished.

Notes
Turn   | Place    | Note
--------------------------------------------------------------
     0 | D:1      | Lilouch, the Demonspawn Chaos Knight, began the quest for the Orb.
     0 | D:1      | Reached XP level 1. HP: 16/16 MP: 1/1
    91 | D:1      | Gained mutation: You are very good at protecting items from fire. [demonic ancestry]
    91 | D:1      | Reached XP level 2. HP: 8/22 MP: 2/2
   820 | D:1      | XOM: divination: detect creatures
   993 | D:2      | Gained mutation: You have sharp toenails. [demonic ancestry]
   993 | D:2      | Reached XP level 3. HP: 26/28 MP: 3/3
  1601 | D:2      | Found a blossoming altar of Fedhas.
  1751 | D:2      | Reached XP level 4. HP: 32/34 MP: 4/4
  2075 | D:3      | Reached skill level 4 in Fighting
  2341 | D:4      | Noticed Lilouch's ghost (average DsCK)
  2349 | D:4      | XOM: divination: detect creatures
  2437 | D:3      | Noticed a hippogriff
  2441 | D:4      | Slain by Lilouch's ghost

Action                   |  1- 3 |  4- 6 || total
-------------------------+-------+-------++-------
Melee: Spear             |   146 |    87 ||   233
Throw: Javelin           |     2 |     2 ||     4
  Use: Scroll            |       |     5 ||     5
 Stab: Petrifying        |     1 |       ||     1
       Paralysed         |       |     1 ||     1
